 Dungeon Crawl Stone Soup version 0.29-a0-350-g7790a0e70a (webtiles) character file.

Game seed: 12577920499846101521

235017 spiderkeys the Warrior (level 19, -8/183 HPs)
             Began as a Ghoul Abyssal Knight on Apr 21, 2022.
             Was the Champion of Lugonu.
             Splashed by a brown very ugly thing's acid (11 damage)
             ... on level 2 of the Depths on Apr 23, 2022.
             The game lasted 01:26:32 (53166 turns).

spiderkeys the Warrior (Ghoul Abyssal Knight)      Turns: 53166, Time: 01:26:32

Health: -8/183     AC: 39    Str: 25    XL:     19   Next: 61%
Magic:  0/24       EV:  9    Int:  5    God:    Lugonu [******]
Gold:   2948       SH:  8    Dex:  9    Spells: 18/18 levels left

rFire   + . .      SeeInvis .   q - +9 broad axe (freeze)
rCold   + + .      Faith    .   X - +1 buckler {rC+}
rNeg    + + +      Spirit   +   r - +0 shadow dragon scales {rare}
rPois   ∞          Reflect  .   I - +3 helmet "Gugahoku" {Rampage}
rElec   .          Harm     .   z - +2 cloak
rCorr   .          Rampage  +   n - +2 pair of gloves {Stlth+}
Will    +....                   e - +2 pair of boots
Stlth   +++.......              G - amulet of guardian spirit
HPRegen 0.00/turn               O - +4 ring of protection
MPRegen 0.19/turn               F - ring of protection from fire

@: about to teleport, inhibited regen
A: claws 1, cold resistance 1, negative energy resistance 3, inhibited
regeneration, torment resistance 2, devour on kill
}: 1/15 runes: gossamer
a: Renounce Religion, Depart the Abyss, Bend Space, Banish, Corrupt, Enter the
Abyss, Brand Weapon With Distortion


You were on level 2 of the Depths.
You worshipped Lugonu.
Lugonu was exalted by your worship.
You visited 5 branches of the dungeon, and saw 29 of its levels.
You visited the Abyss 1 time.
You also visited: Sewer, Gauntlet and Ice Cave.

You collected 4574 gold pieces.
You spent 1626 gold pieces at shops.


Innate Abilities, Weirdness & Mutations

You are immune to poison.
You have sharp fingernails.
Your flesh is cold resistant. (rC+)
You are immune to negative energy. (rN+++)
You do not regenerate when monsters are visible.
You are immune to unholy pain and torment.
You thrive by killing the living.


   Skills:
 + Level 19.4 Fighting
 + Level 16.3 Axes
 + Level 16.4 Armour
 - Level 1.0 Dodging
 - Level 15.0 Shields
 - Level 9.0 Invocations


You had 18 spell levels left.
You didn't know any spells.
Your spell library contained the following spells:

 Spells                   Type           Power      Damage    Failure   Level
 Animate Skeleton         Necr           0%         N/A       92%         1
 Freeze                   Ice            0%         1d3       92%         1
 Pain                     Necr           0%         1d4       92%         1
 Shock                    Conj/Air       0%         1d3       92%         1
 Summon Small Mammal      Summ           0%         N/A       92%         1
 Blink                    Tloc           0%         N/A       98%         2
 Corpse Rot               Necr/Air       0%         N/A       98%         2
 Ensorcelled Hibernation  Hex/Ice        0%         N/A       98%         2
 Passwall                 Tmut/Erth      0%         N/A       98%         2
 Scorch                   Fire           0%         2d5       98%         2
 Call Canine Familiar     Summ           0%         N/A       100%        3
 Conjure Flame            Conj/Fire      0%         6-21      100%        3
 Dazzling Flash           Conj/Hex       0%         N/A       100%        3
 Frozen Ramparts          Ice            0%         1d2       100%        3
 Gell's Gravitas          Tloc           0%         N/A       100%        3
 Ignite Poison            Fire/Tmut/Pois 0%         N/A       100%        3
 Ozocubu's Armour         Ice            0%         N/A       100%        3
 Portal Projectile        Hex/Tloc       0%         N/A       100%        3
 Summon Guardian Golem    Hex/Summ       0%         N/A       100%        3
 Swiftness                Air            0%         N/A       100%        3
 Teleport Other           Tloc           0%         N/A       100%        3
 Vampiric Draining        Necr           0%         2d6       100%        3
 Airstrike                Air            0%         N/A       100%        4
 Anguish                  Hex/Necr       0%         N/A       100%        4
 Dispel Undead            Necr           0%         3d6       100%        4
 Flame Wave               Conj/Fire      0%         2d4       100%        4
 Hailstorm                Conj/Ice       0%         3d3       100%        4
 Petrify                  Tmut/Erth      0%         N/A       100%        4
 Sticky Flame             Conj/Fire      0%         2d3       100%        4
 Agony                    Necr           0%         N/A       100%        5
 Borgnjor's Vile Clutch   Necr/Erth      0%         N/A       100%        5
 Excruciating Wounds      Necr           0%         N/A       100%        5
 Fireball                 Conj/Fire      0%         3d3       100%        5
 Irradiate                Conj/Tmut      0%         3d13      100%        5
 Manifold Assault         Tloc           0%         N/A       100%        5
 Metabolic Englaciation   Hex/Ice        0%         N/A       100%        5
 Silence                  Hex/Air        0%         N/A       100%        5
 Death Channel            Necr           0%         N/A       100%        6
 Dispersal                Tloc           0%         N/A       100%        6
 Iron Shot                Conj/Erth      0%         9d1       100%        6
 Simulacrum               Ice/Necr       0%         N/A       100%        6
 Starburst                Conj/Fire      0%         6d3       100%        6
 Summon Cactus Giant      Summ           0%         N/A       100%        6
 Malign Gateway           Summ/Tloc      0%         N/A       100%        7
 Ozocubu's Refrigeration  Ice            0%         4d5       100%        7
 Ignition                 Fire           0%         3d3       100%        8
 Summon Horrible Things   Summ           0%         N/A       100%        8
 Beastly Appendage        Tmut           Unusable   N/A       N/A         1
 Spider Form              Tmut/Pois      Unusable   N/A       N/A         3
 Blade Hands              Tmut           Unusable   N/A       N/A         5
 Statue Form              Tmut/Erth      Unusable   N/A       N/A         6
 Dragon Form              Tmut           Unusable   N/A       N/A         7
 Storm Form               Tmut/Air       Unusable   N/A       N/A         7
 Necromutation            Tmut/Necr      Unusable   N/A       N/A         8

Inventory:

Hand Weapons
 q - a +9 broad axe of freezing (weapon)
   (You bought it in a shop on level 2 of the Orcish Mines)
 V - a +1 vampiric war axe
   (You bought it in a shop on level 7 of the Dungeon)
Missiles
 c - a throwing net {=f!f}
 w - 4 silver javelins
 K - 2 boomerangs of dispersal {=f!f}
 T - a curare-tipped dart {=f}
 U - 22 poisoned darts
 Z - 15 boomerangs (quivered)
Armour
 e - a +2 pair of boots (worn)
   (You found it on level 6 of the Dungeon)
 n - a +2 pair of gloves of stealth (worn)
   (You found it in a Gauntlet)
 r - +0 shadow dragon scales (worn) {rare}
   (You found it on level 2 of the Depths)
 y - +0 fire dragon scales
   (You found it on level 2 of the Depths)
 z - a +2 cloak (worn)
   (You found it on level 8 of the Dungeon)
 C - the +2 helmet "Amnoteacw" {rC+}
   (You found it in a Gauntlet)

   rC:        It protects you from cold.
 I - the +3 helmet "Gugahoku" (worn) {Rampage}
   (You found it in a Gauntlet)

   Rampage:   It bestows one free step when moving towards enemies.
 X - a +1 buckler of cold resistance (worn)
   (You found it in an ice cave)
Jewellery
 v - a ring of see invisible
   (You found it on level 9 of the Dungeon)
 F - a ring of protection from fire (right hand)
   (You found it on level 10 of the Dungeon)
 G - an amulet of guardian spirit (around neck)
   (You found it on level 6 of the Dungeon)
 L - a ring of flight
   (You found it in an ice cave)
 O - a +4 ring of protection (left hand)
   (You found it on level 9 of the Dungeon)
 R - a ring of resist corrosion
   (You found it in a Gauntlet)
 S - a +6 ring of strength
   (You found it on level 7 of the Dungeon)
 Y - a +4 ring of slaying
   (You found it in an ice cave)
Wands
 g - a wand of flame (28)
   (You found it on level 8 of the Dungeon)
 p - a wand of charming (3)
   (You found it in a Gauntlet)
 B - a wand of mindburst (26)
   (You found it on level 8 of the Dungeon)
 D - a wand of acid (1)
   (You found it on level 3 of the Spider Nest)
 J - a wand of paralysis (5)
   (You found it on level 9 of the Dungeon)
 P - a wand of digging (5)
   (You found it on level 8 of the Dungeon)
Scrolls
 b - a scroll of enchant weapon
 d - 5 scrolls of immolation {!r!r}
 f - 10 scrolls of teleportation {@r4}
 j - 3 scrolls of vulnerability {!r!r}
 t - 3 scrolls of fear
 u - a scroll of enchant armour
 H - 7 scrolls of fog
 N - 3 scrolls of magic mapping {!r}
 Q - 3 scrolls of brand weapon
Potions
 a - 5 potions of flight
 k - 7 potions of attraction {!q}
 l - 3 potions of haste {@q3}
 m - 5 potions of resistance
 o - a potion of invisibility
 s - 11 potions of curing {@q1}
 x - 4 potions of magic
 A - 3 potions of might
 E - 7 potions of ambrosia
 W - 2 potions of cancellation
Miscellaneous
 i - a box of beasts
   (You found it on level 15 of the Dungeon)

Dungeon Overview and Level Annotations

Branches:
Dungeon (15/15)            Temple (0/1) D:7            Lair (6/6) D:8
 Shoals (0/4) Lair:4       Spider (4/4) Lair:4        Slime (0/5) Lair:5
    Orc (2/2) D:11            Elf (0/3) Orc:2        Vaults (0/5) D:14
 Depths (2/4) D:15          Sewer (visited)           IceCv (visited)
Gauntlet (visited)

Altars:
Ashenzari
Fedhas
Gozag
Hepliaklqana
Okawaru
Yredelemnul
Zin
The Shining One

Shops:
D:2 !   D:7 (   D:11 [(   Orc:2 [*(:*

Portals:
Hell: Depths:1 Depths:2
Abyss: Depths:1
Pandemonium: Depths:2

Annotations:
D:6 2 runed translucent doors, sirJeffrey23's ghost, amateur DsMo
D:7 1 transporter, zishaf's ghost, novice TrDe
D:8 2 transporters, mnm's ghost, novice VSFi
Lair:1 2 transporters
Abyss:1 Rupert

u.## u..# .
#u.. R# #u. ..
#u. '## #.#
...##
##u#.....#
######T@D.....'
#.....T.#Q....#
#...T..T##...##
#...T...[##V##
##.......... ..
##...........
.. #.......##..
. .###
..........#...+
....
####.....##.#
....


You could see 4 very ugly things, a fire dragon, an iron troll, a tengu reaver,
2 ugly things, a rakshasa, 3 deep trolls, a vampire mage and a deep troll
shaman.


Message History

😱 HP[-34] MP[-2]
You take 34 damage, and now have 28/183 hp.
You lost 2 mp, and now have 3/24 mp.
Unknown command.
Space bends violently around you!
You blink. 😱 HP[-2]
You take 2 damage, and now have 26/183 hp.
Unknown command.
Your surroundings suddenly seem different.
A deep troll shaman, 3 deep trolls and an iron troll come into view.
You feel much better.
The deep troll shaman shouts!
The deep troll shouts!
You hear a deafening roar!
The deep troll shaman calls upon its god to strengthen the deep troll.
The deep troll seems to grow stronger.
You hear a shout!
The iron troll shouts!
You hear a horrible gurgling sound! 😨 HP[+24]
You regained 24 hp, and now have 50/183 hp.
You closely miss the deep troll.
You hear a bellow!
The deep troll shaman calls upon its god to speed up the deep troll.
The deep troll seems to speed up.
The deep troll barely misses you. You block the deep troll's attack.
The deep troll claws you but does no damage.
You closely miss the deep troll. You hit the iron troll.
You block the deep troll's attack. x2
The deep troll claws you but does no damage.
You slice the iron troll!! You freeze the iron troll. You slash the deep troll!
You freeze the deep troll. You barely miss the deep troll.
You slash the deep troll! You freeze the deep troll.
The deep troll bites you but does no damage.
The deep troll claws you!!
* * * LOW HITPOINT WARNING * * *
You block the deep troll's attack. The iron troll barely misses you.
The iron troll claws you but does no damage.
The iron troll claws you!
* * * LOW HITPOINT WARNING * * *
You hear a bellow! 😱 HP[-29] MP[-1]
You take 29 damage, and now have 21/183 hp.
You lost 1 mp, and now have 2/24 mp.
Unknown command.
Okay, then.
Space bends violently around you!
You blink. 4 ugly things, a tengu reaver and a fire dragon come into view.
The tengu reaver is wielding a +2 war axe of electrocution and wearing a +0 buckler of poison resistance.
The tengu reaver shouts!
The brown very ugly thing gurgles horribly! x2
You hear a bellow!
A brown ugly thing comes into view.
The green very ugly thing moves out of view.
The brown ugly thing moves out of view.
A brown very ugly thing comes into view. 😱 HP[-2] MP[-1]
You take 2 damage, and now have 19/183 hp.
You lost 1 mp, and now have 1/24 mp.
Okay, then.
You feel much better.
A rakshasa comes into view. It is wielding a +0 whip. 😱 HP[+16]
You regained 16 hp, and now have 35/183 hp.
As you read the scroll of teleportation {@r4}, it crumbles to dust.
You feel strangely unstable. The fire dragon breathes flames at you.
The blast of flame hits you! You resist.
* * * LOW HITPOINT WARNING * * *
The tengu reaver points at you and mumbles some strange words.
The bolt of fire hits you. You resist.
* * * LOW HITPOINT WARNING * * *
The deep troll bites you.
* * * LOW HITPOINT WARNING * * *
The deep troll barely misses you. The deep troll claws you.
* * * LOW HITPOINT WARNING * * *
The brown ugly thing gurgles horribly!
The brown very ugly thing gurgles horribly!
You hear a horrible gurgling sound!
You hear a shout!
You hear a horrible gurgling sound!
You hear a shout! x2 😱 HP[-29] MP[-1]
You take 29 damage, and now have 6/183 hp.
You lost 1 mp, and now have 0/24 mp.
Okay, then.
Okay, then.
Okay, then.
Okay, then.
Okay, then.
Okay, then.
You feel better.
The deep troll shaman bites you but does no damage.
The deep troll shaman barely misses you.
You block the deep troll shaman's attack.
A vampire mage comes into view.
The deep troll bites you but does no damage.
The deep troll claws you.
* * * LOW HITPOINT WARNING * * *
The deep troll claws you but does no damage.
The brown very ugly thing gores you.
* * * LOW HITPOINT WARNING * * *
You are splashed with acid!
You die...

Skill      XL: |  1  2  3  4  5  6  7  8  9 10 11 12 13 14 15 16 17 18 19 |
---------------+----------------------------------------------------------+-----
Dodging        | 1 |  1.0
Axes           | 2 4 5 6 7 8 9 10 11 12 13 14 15 16 | 16.3
Armour         | 2 3 4 5 6 7 8 9 10 12 13 14 15 16 | 16.4
Fighting       | 4 5 6 7 8 9 10 12 13 14 15 16 17 18 19 | 19.4
Invocations    | 3 4 5 6 7 8 9 |  9.0
Shields        | 1 3 4 6 8 9 10 11 12 13 14 15 | 15.0

Action                   |  1- 3 |  4- 6 |  7- 9 | 10-12 | 13-15 | 16-18 | 19-21 || total
-------------------------+-------+-------+-------+-------+-------+-------+-------++-------
Melee: Hand axe          |    89 |   154 |   342 |    79 |       |       |       ||   664
       Punch             |       |     1 |     2 |       |       |       |       ||     3
       War axe           |       |       |       |   615 |  1712 |    66 |       ||  2393
       Broad axe         |       |       |       |       |       |  1293 |   287 ||  1580
Throw: Stone             |       |     2 |       |     4 |       |       |       ||     6
       Dart              |       |       |     2 |     2 |     6 |     1 |     2 ||    13
       Throwing net      |       |       |       |       |     2 |       |       ||     2
       Boomerang         |       |       |       |       |    84 |     1 |       ||    85
       Javelin           |       |       |       |       |       |     1 |       ||     1
Invok: Banish            |       |     1 |       |    10 |    18 |     9 |       ||    38
       Bend Space        |       |     2 |     1 |     1 |     6 |     2 |     2 ||    14
       Corrupt           |       |       |       |       |     1 |       |       ||     1
Evoke: Wand              |       |     4 |    11 |    11 |    14 |     2 |     4 ||    46
       Box of beasts     |       |       |       |       |       |     1 |       ||     1
  Use: Scroll            |     2 |     4 |     4 |     7 |    16 |    10 |     6 ||    49
       Potion            |       |       |       |     2 |     6 |     9 |    10 ||    27
 Stab: Sleeping          |       |       |       |       |       |       |     1 ||     1
Armor: Leather armour    |    24 |    21 |       |       |       |       |       ||    45
       Scale mail        |       |     2 |   169 |   156 |       |       |       ||   327
       Ring mail         |       |     1 |       |       |       |       |       ||     1
       Plate armour      |       |       |       |   282 |  1421 |  1439 |    78 ||  3220
       Shadow dragon sca |       |       |       |       |       |       |   117 ||   117
Dodge: Dodged            |    64 |   107 |   300 |   357 |   565 |   550 |    78 ||  2021
Block: Kite shield       |       |       |    81 |   382 |    30 |       |       ||   493
       Buckler           |       |       |       |       |   618 |   652 |    61 ||  1331

Levels and vault maps discovered:
D:1:      minmay_arrival_plants_in_alcoves, layout_basic, basic_ecumenical_altar
D:2:      layout_basic, serial_shops, nicolae_shop_statue_plus,
          kennysheep_generic_room_10
D:3:      layout_basic, gup_sewer_entry_pipe, uniq_ijyb
D:4:      layout_rooms, ashenzari_conservatory_becter, uniq_sigmund, uniq_pikel
D:5:      layout_loops_ring, nicolae_gozag_cash_rules_everything_around_me,
          mainiacjoe_overflow_alcove_2, mainiacjoe_overflow_alcove_1,
          hangedman_decor_diamond_cutter, st_stairs_14
D:6:      layout_layer_cave, grunt_temple_overflow_holy_war,
          ebering_ghost_disaster_area, serial_bayou_pond_a,
          chequers_serial_rivers_large_a, uniq_maggie
D:7:      layout_loops_cross, fedhas_altar_1, minmay_temple_entry_arrows,
          gammafunk_ghost_smash, serial_shops, shop
D:8:      layout_basic, david_lair_generic, gammafunk_ghost_berserking_beasts,
          grunt_ministairs_2, hangedman_decor_slide_cut, uniq_maurice
D:9:      layout_cave_pools
D:10:     layout_layer_cave, old_standard_altar, uniq_erolcha, uniq_gastronok
D:11:     layout_basic, orc_david_3, patterned_corridor
D:12:     layout_roguey, serial_corexii_hall, corexii_hall_statues_deadend,
          corexii_hall_statues_l, corexii_hall_statues_u, uniq_rupert
D:13:     layout_roguey, serial_ice, serial_ice_c, serial_ice_h, serial_ice_e,
          serial_ice_k, serial_ice_b, serial_ice_g,
          portal_ice_cave_entry_pillars_1
D:14:     layout_basic, grunt_vaults_entry_tiered, gammafunk_ghost_grave
D:15:     hangedman_depths_entry_civil_slaughter, layout_stronghold,
          uniq_roxanne, uniq_nessos, uniq_josephine
Lair:1:   gammafunk_worm_tunnel, layout_layer_cave, minivault_27
Lair:2:   layout_misc_corridors, kennysheep_abandoned_house,
          serial_bayou_shore_b, grunt_megastairs_2, uniq_fannar
Lair:3:   layout_regular_city, lemuel_fruit_tree
Lair:4:   layout_loops_ring, minmay_shoals_entry_centaurs,
          spider_nest_entry_web_field, beast_lair_carwin_4
Lair:5:   kb_forest_paths, layout_regular_city, nicolae_slime_entry_slimehenge,
          gauntlet_entry_generic
Lair:6:   cheibrodos_lair_end_hotspot, layout_regular_city, hibernation_bobbens
Spider:1: layout_cave_pods
Spider:2: nicolae_spider_hilbert_zone_1 [nicolae_spider_hilbert_4_sides_1_open,
          nicolae_spider_hilbert_4_sides_1_open,
          nicolae_spider_hilbert_4_sides_1_open,
          nicolae_spider_hilbert_4_sides_1_open,
          nicolae_spider_hilbert_3_sides_1_open,
          nicolae_spider_hilbert_3_sides_1_open,
          nicolae_spider_hilbert_3_sides_1_open,
          nicolae_spider_hilbert_3_sides_1_open,
          nicolae_spider_hilbert_3_sides_1_open,
          nicolae_spider_hilbert_6_sides_1_open,
          nicolae_spider_hilbert_6_sides_1_open,
          nicolae_spider_hilbert_3_sides_1_open,
          nicolae_spider_hilbert_3_sides_1_open,
          nicolae_spider_hilbert_3_sides_1_open,
          nicolae_spider_hilbert_3_sides_1_open,
          nicolae_spider_hilbert_2_sides_1_open], uniq_arachne, uniq_aizul,
          uniq_nikola
Spider:3: layout_chambers, uniq_jorgrun, uniq_mlioglotl
Spider:4: grunt_spider_rune_circles
Orc:1:    layout_diamond_mine, minmay_orc_treasury
Orc:2:    st_orc_congregation, layout_caves, serial_shops,
          nicolae_shop_behind_doors, nicolae_orc_sculptors_studio
Depths:1: layout_gridlike, hell_entry, nicolae_figureground_sparkle,
          abyss_entry, serial_bayou_lagoon_a, serial_sigils_hangedman_carve,
          tso_metal_star
Depths:2: minmay_octagon_city, layout_honeycomb, serial_sigils_hangedman_clutch,
          rand_demon_pan_entry_3, hell_entry, wad_scary_box

Notes
Turn   | Place    | Note
-------+----------+-------------------------------------------
     0 | Abyss:1  | spiderkeys the Ghoul Abyssal Knight began the quest for the
                  | Orb.
     0 | Abyss:1  | Reached XP level 1. HP: 19/19 MP: 1/1
     0 | Abyss:1  | magus.rc [v1.11.3]
     5 | Abyss:1  | Found a corrupted altar of Lugonu.
     7 | D:1      | You pass through the gate.
     7 | D:1      | Escaped the Abyss
    40 | D:1      | Reached skill level 1 in Dodging
   113 | D:1      | Reached XP level 2. HP: 19/26 MP: 2/2
   116 | D:1      | Reached skill level 2 in Axes
   121 | D:1      | Reached skill level 2 in Armour
   481 | D:1      | Reached *** piety under Lugonu
   889 | D:1      | Found a faded altar of an unknown god.
   919 | D:2      | Reached XP level 3. HP: 26/33 MP: 3/3
  1427 | D:2      | You pick up a book of Dreams and begin reading...
  1427 | D:2      | You add the spells Ensorcelled Hibernation and Anguish to
                  | your library.
  1474 | D:2      | Found Uxtufene's Distillery.
  1480 | D:2      | Bought a potion of curing for 30 gold pieces
  1695 | D:2      | Reached XP level 4. HP: 40/40 MP: 5/5
  2033 | D:3      | Reached skill level 4 in Fighting
  2117 | D:3      | Found a glowing drain.
  2139 | D:3      | Reached skill level 3 in Invocations
  2318 | Sewer    | Entered a sewer
  2388 | Sewer    | Reached XP level 5. HP: 16/46 MP: 1/6
  2635 | D:3      | Noticed Ijyb
  2653 | D:3      | Killed Ijyb
  2924 | D:3      | Reached skill level 3 in Axes
  3192 | D:3      | Reached skill level 3 in Armour
  3663 | D:4      | Noticed Pikel
  3663 | D:4      | Noticed a lemure
  3663 | D:4      | Noticed a lemure
  3669 | D:3      | magus.rc [v1.11.3]
  3683 | D:3      | HP: 8/47 [lemure[Pikel] (6)]
  3686 | D:3      | Killed a lemure
  3689 | D:3      | Killed Pikel
  3690 | D:3      | Reached skill level 5 in Fighting
  3690 | D:3      | Reached skill level 4 in Axes
  3690 | D:3      | Reached skill level 4 in Invocations
  3690 | D:3      | Reached XP level 6. HP: 5/56 MP: 4/8
  3690 | D:3      | Reached XP level 7. HP: 5/61 MP: 4/9
  3981 | D:4      | Reached skill level 4 in Armour
  4091 | D:4      | Reached **** piety under Lugonu
  4417 | D:4      | Noticed Sigmund
  4420 | D:4      | Killed Sigmund
  4421 | D:4      | Reached skill level 6 in Fighting
  4421 | D:4      | Reached skill level 5 in Invocations
  4421 | D:4      | Reached XP level 8. HP: 70/70 MP: 10/10
  4435 | D:4      | Found a broken altar of Ashenzari.
  4680 | D:4      | You pick up a book of Dreams and begin reading...
  4777 | D:5      | Entered Level 5 of the Dungeon
  5056 | D:5      | HP: 10/70 [black bear (10)]
  5541 | D:5      | You fall into a shaft and drop 3 floors!
  5549 | D:8      | Noticed a moth of wrath
  5552 | D:8      | Found a transporter.
  5579 | D:8      | Found a transporter.
  5583 | D:8      | Noticed mnm's ghost (novice VSFi)
  5876 | D:5      | Found a hazy altar of Hepliaklqana.
  5886 | D:5      | Found an opulent altar of Gozag.
  5901 | D:5      | Reached skill level 5 in Axes
  6081 | D:5      | Reached skill level 5 in Armour
  6081 | D:5      | Reached skill level 6 in Invocations
  6627 | D:6      | Found a large runed translucent door.
  6627 | D:6      | Found a large runed translucent door.
  6628 | D:6      | Noticed sirJeffrey23's ghost (amateur DsMo)
  6640 | D:6      | Noticed Maggie
  6648 | D:6      | Killed Maggie
  6649 | D:6      | Reached skill level 7 in Fighting
  6649 | D:6      | Reached skill level 1 in Shields
  6649 | D:6      | Reached XP level 9. HP: 79/79 MP: 12/12
  7664 | D:6      | Found a basalt altar of Yredelemnul.
  7667 | D:6      | Noticed a profane servitor
  7703 | D:6      | Noticed an angel
  7921 | D:7      | Reached skill level 2 in Shields
  7962 | D:7      | Found a staircase to the Ecumenical Temple.
  8015 | D:7      | Reached skill level 7 in Invocations
  8242 | D:7      | Found a blossoming altar of Fedhas.
  8301 | D:7      | Reached skill level 6 in Axes
  8312 | D:7      | Reached skill level 6 in Armour
  8317 | D:7      | HP: 20/81 [yak (10)]
  8344 | D:6      | HP: 18/81 [yak (2)]
  8347 | D:6      | Reached skill level 8 in Fighting
  8663 | D:7      | Reached skill level 3 in Shields
  8663 | D:7      | Reached XP level 10. HP: 50/88 MP: 9/14
  8673 | D:7      | HP: 18/88 [yak (5)]
  8677 | D:7      | HP: 7/88 [yak (8)]
  9234 | D:7      | Found a transporter.
  9239 | D:7      | Noticed zishaf's ghost (novice TrDe)
  9246 | D:7      | Identified the +8 dire flail "Faclok" {drain, Str+4}
  9246 | D:7      | Noticed a two-headed ogre
  9424 | D:7      | Found Gaitt's Antique Weapon Boutique.
  9776 | D:7      | Bought a runed war axe for 130 gold pieces
  9963 | D:8      | You add the spells Conjure Flame, Ignite Poison and Sticky
                  | Flame to your library.
 10263 | D:8      | Noticed an elephant
 10264 | D:8      | Found a staircase to the Lair.
 10281 | D:8      | Killed an elephant
 10282 | D:8      | Reached skill level 8 in Invocations
 10297 | D:8      | Reached skill level 4 in Shields
 10348 | D:8      | Reached ***** piety under Lugonu
 10356 | D:8      | Reached skill level 7 in Axes
 10356 | D:8      | Reached skill level 7 in Armour
 10539 | D:8      | Reached skill level 9 in Fighting
 10573 | D:8      | Noticed Maurice
 10574 | D:8      | Noticed Maurice
 10574 | D:8      | Maurice changed into Maurice the fire bat
 10586 | D:8      | Killed Maurice the fire bat
 10833 | D:9      | HP: 20/91 [troll (6)]
 11202 | D:9      | Reached XP level 11. HP: 60/97 MP: 9/16
 11327 | D:9      | HP: 20/97 [yak (12)]
 11328 | D:9      | Reached skill level 5 in Shields
 11874 | D:10     | Entered Level 10 of the Dungeon
 11930 | D:10     | Noticed Erolcha
 11937 | D:10     | Killed Erolcha
 11938 | D:10     | Reached skill level 9 in Invocations
 11948 | D:10     | HP: 20/99 [troll (10)]
 12190 | D:10     | Noticed Gastronok
 12212 | D:10     | Killed Gastronok
 12384 | D:10     | Reached skill level 10 in Fighting
 12825 | D:10     | Reached skill level 8 in Axes
 12825 | D:10     | Reached skill level 8 in Armour
 12842 | D:10     | Found an iron altar of Okawaru.
 13557 | D:11     | Found Uforeaz's Armour Emporium.
 13558 | D:11     | Found a staircase to the Orcish Mines.
 13558 | D:11     | Noticed an orc knight
 13560 | D:11     | Found Fylip's Weapon Emporium.
 13592 | D:11     | HP: 22/99 [orc knight/+0 halberd (7)]
 13593 | D:11     | Killed an orc knight
 14476 | D:11     | Noticed a boulder beetle
 14478 | D:11     | Banished a boulder beetle
 14479 | D:11     | Reached skill level 6 in Shields
 14550 | D:11     | Noticed a seven-headed hydra
 14554 | D:11     | Banished a seven-headed hydra
 14706 | D:11     | Noticed a boulder beetle
 14708 | D:11     | Banished a boulder beetle
 14906 | D:11     | Noticed a soul eater
 14920 | D:11     | Reached XP level 12. HP: 90/108 MP: 11/17
 15006 | D:11     | Noticed an ogre mage
 15006 | D:11     | Noticed a two-headed ogre
 15006 | D:11     | Noticed a two-headed ogre
 15006 | D:11     | Noticed a two-headed ogre
 15014 | D:11     | Killed a two-headed ogre
 15018 | D:11     | Banished a two-headed ogre
 15045 | D:11     | Paralysed by something for 3 turns
 15411 | D:11     | Killed a two-headed ogre
 15412 | D:11     | Reached skill level 11 in Fighting
 15549 | D:11     | Killed an ogre mage
 15550 | D:11     | Reached skill level 7 in Shields
 15630 | D:12     | Reached skill level 9 in Axes
 15646 | D:12     | Reached skill level 9 in Armour
 16496 | D:12     | Noticed a six-headed hydra
 16498 | D:12     | Banished a six-headed hydra
 17139 | D:12     | Noticed Rupert
 17139 | D:12     | Paralysed by Rupert for 4 turns
 17147 | D:12     | Banished Rupert
 17256 | D:13     | Noticed an ogre mage
 17285 | D:13     | Found a frozen archway.
 17388 | D:12     | Reached skill level 8 in Shields
 17629 | IceCv    | Entered an ice cave
 17910 | IceCv    | Reached skill level 12 in Fighting
 17910 | IceCv    | Reached XP level 13. HP: 43/118 MP: 8/18
 18882 | IceCv    | Noticed an ice dragon
 18883 | IceCv    | Banished an ice dragon
 19034 | IceCv    | Identified the ring "Duxt" {Contam +Blink rPois rN+ EV+4}
 19200 | D:13     | Reached skill level 10 in Axes
 19200 | D:13     | Reached skill level 10 in Armour
 20208 | D:14     | Reached skill level 9 in Shields
 20427 | Lair:1   | Entered Level 1 of the Lair of Beasts
 20473 | Lair:1   | You add the spells Ozocubu's Armour and Ozocubu's
                  | Refrigeration to your library.
 20634 | Lair:1   | Found a transporter.
 20738 | Lair:1   | Found a transporter.
 21132 | Lair:1   | Reached skill level 13 in Fighting
 21727 | Lair:2   | Noticed Fannar
 21769 | Lair:2   | Killed Fannar
 22152 | Lair:2   | Reached XP level 14. HP: 129/129 MP: 19/19
 22379 | Lair:2   | Reached skill level 11 in Armour
 22513 | Lair:3   | Reached skill level 11 in Axes
 23151 | Lair:3   | You pick up a book of Frost and begin reading...
 23151 | Lair:3   | You add the spells Freeze, Frozen Ramparts and Hailstorm to
                  | your library.
 23754 | Lair:4   | You pick up a book of the Senses and begin reading...
 23754 | Lair:4   | You add the spells Dazzling Flash, Agony and Silence to
                  | your library.
 23837 | Lair:4   | Found a staircase to the Shoals.
 23906 | Lair:4   | Found a hole to the Spider Nest.
 23912 | Lair:4   | Reached skill level 10 in Shields
 24393 | Lair:5   | HP: 23/130 [catoblepas (20)]
 24395 | Lair:5   | HP: 7/130 [catoblepas/blast of calcifying dust (5)]
 24804 | Lair:5   | Found a staircase to the Slime Pits.
 24828 | Lair:5   | Found a gate leading to a gauntlet.
 24836 | Gauntlet | Entered a Gauntlet
 24836 | Gauntlet | Found a transporter.
 24836 | Gauntlet | Found a transporter.
 24848 | Gauntlet | Found a transporter.
 24863 | Gauntlet | Found a runed translucent door.
 24866 | Gauntlet | Found a transporter.
 24868 | Gauntlet | Found a transporter.
 24868 | Gauntlet | Found a transporter.
 24869 | Gauntlet | Found a transporter.
 24880 | Gauntlet | Found a transporter.
 24896 | Gauntlet | Found a transporter.
 24904 | Gauntlet | Found a runed translucent door.
 24906 | Gauntlet | Found a transporter.
 24908 | Gauntlet | Found a runed translucent door.
 24920 | Gauntlet | Found a transporter.
 24940 | Gauntlet | Found a transporter.
 24940 | Gauntlet | Found a transporter.
 24955 | Gauntlet | Found a transporter.
 25045 | Gauntlet | Corrupted Gauntlet
 25045 | Gauntlet | Noticed a starcursed mass
 25153 | Gauntlet | Noticed a balrug
 25183 | Gauntlet | Identified the +3 helmet "Gugahoku" {Rampage}
 25240 | Gauntlet | Identified the +6 lajatang of the Owl {elec, Will+ Dex+3}
 25240 | Gauntlet | Identified the ring "Fyucsal" {rF- rN+ AC+4 SInv}
 25255 | Gauntlet | HP: 32/130 [minotaur/the +6 lajatang of the Owl {elec,
                  | Will+ Dex+3} (15)]
 25371 | Gauntlet | You pick up a book of Callings and begin reading...
 25371 | Gauntlet | You add the spells Summon Small Mammal, Call Canine
                  | Familiar and Summon Guardian Golem to your library.
 25373 | Gauntlet | Identified the +3 leather armour of Dawn {-Tele Will++
                  | Dex+3}
 25813 | Gauntlet | Identified the +2 helmet "Amnoteacw" {rC+}
 26269 | Lair:5   | Reached skill level 14 in Fighting
 27510 | Lair:6   | Entered Level 6 of the Lair of Beasts
 27784 | Lair:6   | Reached skill level 12 in Armour
 28026 | Lair:6   | You pick up a book of Air and begin reading...
 28026 | Lair:6   | You add the spells Shock, Swiftness and Airstrike to your
                  | library.
 28102 | Lair:6   | Reached XP level 15. HP: 139/139 MP: 20/20
 28104 | Lair:6   | Reached skill level 12 in Axes
 28315 | Lair:6   | Reached skill level 11 in Shields
 28316 | Lair:6   | HP: 29/139 [death yak (16)]
 28321 | Lair:6   | HP: 8/139 [death yak (19)]
 29271 | Lair:6   | Found a large runed translucent door.
 29311 | Lair:6   | Found a large runed translucent door.
 29901 | Lair:6   | Reached skill level 15 in Fighting
 30193 | Lair:6   | You pick up a book of Necromancy and begin reading...
 30193 | Lair:6   | You add the spells Pain, Animate Skeleton and Vampiric
                  | Draining to your library.
 30432 | Orc:1    | Entered Level 1 of the Orcish Mines
 30686 | Orc:1    | Noticed an orc warlord
 30820 | D:11     | Paralysed by an orc sorcerer for 3 turns
 30959 | D:11     | Killed an orc warlord
 31019 | Orc:1    | Noticed an orc warlord
 31186 | Orc:1    | Paralysed by an orc sorcerer for 3 turns
 31198 | D:11     | HP: 22/141 [orc warrior/+0 battleaxe (16)]
 31707 | D:11     | Killed an orc warlord
 31807 | D:11     | HP: 31/141 [orc knight/+0 battleaxe (12)]
 32458 | Orc:1    | Identified the +4 rapier "Waylej" {freeze, Int+2 Dex+5
                  | Stlth-}
 32459 | Orc:1    | Identified the +7 rapier "Ogre's Demise" {freeze, rElec}
 32580 | Orc:1    | You add the spells Borgnjor's Vile Clutch, Iron Shot and
                  | Ignition to your library.
 32580 | Orc:1    | Got the Guide on the Arsonist and the Mountains
 32593 | Orc:1    | You add the spells Gell's Gravitas, Teleport Other and
                  | Dispersal to your library.
 32896 | Orc:2    | Entered Level 2 of the Orcish Mines
 32948 | Orc:2    | Found a staircase to the Elven Halls.
 33075 | Orc:2    | Found Nougil's General Store.
 33078 | Orc:2    | Bought a potion of might for 52 gold pieces
 33313 | Orc:2    | Noticed an orc warlord
 33625 | Orc:1    | Killed an orc warlord
 33684 | Orc:2    | Reached skill level 13 in Armour
 33691 | Orc:2    | HP: 28/141 [orc warrior/+0 mace (17)]
 34118 | Orc:2    | Reached XP level 16. HP: 149/149 MP: 19/21
 34198 | Orc:2    | Reached skill level 13 in Axes
 34225 | Orc:2    | Reached skill level 12 in Shields
 34227 | Orc:2    | Reached ****** piety under Lugonu
 34497 | Orc:2    | Found Niazxoruy's General Store.
 34498 | Orc:2    | Found Wupnuecw's Book Emporium.
 34500 | Orc:2    | Found Hoaruysm's Antique Armour Shoppe.
 34500 | Orc:2    | Found Xaskim's Antique Weapon Shoppe.
 34515 | Orc:2    | Bought a +5 broad axe of freezing for 513 gold pieces
 34637 | Orc:2    | Bought a warped helmet for 323 gold pieces
 34637 | Orc:2    | Identified the -7 helmet "Juakh" {Int+2} (You bought it in
                  | a shop on level 2 of the Orcish Mines)
 34637 | Orc:2    | Bought a brightly glowing chain mail for 323 gold pieces
 34637 | Orc:2    | Identified the +1 chain mail of Circular Logic {rC+} (You
                  | bought it in a shop on level 2 of the Orcish Mines)
 34637 | Orc:2    | Bought a pair of runed gloves for 255 gold pieces
 35939 | D:14     | Reached skill level 16 in Fighting
 36083 | D:14     | You pick up a book of Fire and begin reading...
 36083 | D:14     | You add the spells Fireball and Starburst to your library.
 36323 | D:14     | You pick up a book of Burglary and begin reading...
 36331 | D:14     | Found a runed translucent door.
 36332 | D:14     | Noticed Liull's ghost (journeyman OpAE)
 36506 | D:14     | Found a gate to the Vaults.
 36511 | D:14     | You pick up a book of Scorching and begin reading...
 36511 | D:14     | You add the spells Scorch, Flame Wave and Summon Cactus
                  | Giant to your library.
 36732 | D:14     | Killed Liull's ghost
 36797 | D:14     | You pick up a book of Weapons and begin reading...
 36797 | D:14     | You add the spells Portal Projectile and Excruciating
                  | Wounds to your library.
 36811 | D:15     | Entered Level 15 of the Dungeon
 36864 | D:15     | Noticed Josephine
 36875 | D:15     | Killed Josephine
 37063 | D:15     | Noticed Nessos
 37065 | D:15     | Found a staircase to the Depths.
 37083 | D:15     | Killed Nessos
 37271 | D:15     | Identified Roxanne's Disquisition on Shape Shifting
 37271 | D:15     | Noticed Roxanne
 37294 | D:15     | Killed Roxanne
 37647 | D:15     | Identified a scroll of acquirement
 37648 | D:15     | Acquired 830 gold pieces
 38330 | D:15     | Upgraded the game from 0.29-a0-344-ge2f44be95a to
                  | 0.29-a0-350-g7790a0e70a
 38330 | D:15     | magus.rc [v1.11.3]
 38569 | Spider:1 | Entered Level 1 of the Spider Nest
 38620 | Spider:1 | HP: 36/152 [entropy weaver (3)]
 38628 | Spider:1 | HP: 24/152 [emperor scorpion (10)]
 38631 | Spider:1 | Reached skill level 14 in Armour
 39004 | Spider:1 | Reached XP level 17. HP: 139/160 MP: 17/22
 39078 | Spider:1 | Reached skill level 13 in Shields
 39197 | Spider:1 | Reached skill level 14 in Axes
 39326 | Spider:1 | You pick up a book of Air and begin reading...
 40252 | Spider:2 | Noticed Aizul
 40269 | Spider:2 | Killed Aizul
 40423 | Spider:2 | Reached skill level 17 in Fighting
 41518 | Spider:2 | Identified the +11 dagger "Cotaisaa" {venom, rN+ MP+9}
 41525 | Spider:2 | You pick up a book of Winter and begin reading...
 41525 | Spider:2 | You add the spells Metabolic Englaciation and Simulacrum to
                  | your library.
 41732 | Spider:2 | Noticed Arachne
 41765 | Spider:2 | Killed Arachne
 42150 | Spider:2 | Noticed Nikola
 42164 | Spider:2 | Killed Nikola
 42788 | Spider:3 | Noticed Mlioglotl
 42803 | Spider:3 | Killed Mlioglotl
 43367 | Spider:3 | HP: 38/163 [wolf spider (18)]
 43412 | Spider:3 | Reached XP level 18. HP: 99/171 MP: 19/23
 43815 | Spider:3 | Reached skill level 14 in Shields
 44212 | Spider:3 | Noticed Jorgrun
 44232 | Spider:3 | Killed Jorgrun
 44233 | Spider:3 | Reached skill level 15 in Armour
 44726 | Spider:4 | Entered Level 4 of the Spider Nest
 44834 | Spider:3 | Reached skill level 15 in Axes
 44965 | Spider:3 | Reached skill level 18 in Fighting
 46619 | Spider:4 | You pick up a book of Decay and begin reading...
 46619 | Spider:4 | You add the spells Corpse Rot, Dispel Undead and Death
                  | Channel to your library.
 46677 | Spider:4 | HP: 33/172 [emperor scorpion (19)]
 46684 | Spider:4 | HP: 32/172 [wolf spider (1)]
 46689 | Spider:3 | HP: 15/172 [something (5)]
 46690 | Spider:3 | HP: 6/172 [something (9)]
 46695 | Spider:3 | HP: 23/172 [ghost moth (6)]
 48245 | Spider:4 | Got a gossamer rune of Zot
 48277 | Spider:4 | You pick up a book of Transfigurations and begin reading...
 48655 | Depths:1 | Entered Level 1 of the Depths
 49671 | Depths:1 | Found a gateway to Hell.
 49693 | Depths:1 | Reached XP level 19. HP: 159/181 MP: 15/24
 50049 | Depths:1 | Found a one-way gate to the infinite horrors of the Abyss.
 50256 | Depths:1 | You add the spells Blink and Manifold Assault to your
                  | library.
 50615 | Depths:1 | You add the spells Malign Gateway and Summon Horrible
                  | Things to your library.
 50759 | Depths:2 | Noticed a juggernaut
 50784 | Depths:2 | Reached skill level 15 in Shields
 50789 | Depths:2 | Killed a juggernaut
 50808 | Depths:2 | r - +0 shadow dragon scales {rare}
 50985 | Depths:2 | You finish putting on your +0 shadow dragon scales {rare}.
 51041 | Depths:2 | Reached skill level 16 in Armour
 51082 | Depths:2 | HP: 40/181 [fire giant/+1 great sword of flaming (8)]
 51084 | Depths:2 | HP: 4/181 [fire giant/bolt of fire (33)]
 51088 | Depths:2 | Reached skill level 19 in Fighting
 51447 | Depths:2 | Reached skill level 16 in Axes
 51451 | Depths:2 | a +5 quick blade {rare}; a +0 robe; a +0 buckler
 51455 | Depths:2 | HP: 35/182 [spriggan berserker/+2 antimagic hand axe (26)]
 51456 | Depths:2 | HP: 7/182 [spriggan berserker/+2 antimagic hand axe (28)]
 52463 | Depths:2 | Found a one-way gate leading to the halls of Pandemonium.
 53155 | Depths:2 | HP: 28/183 [titan (22)]
 53162 | Depths:2 | HP: 32/183 [deep troll (18)]
 53165 | Depths:2 | HP: 12/183 [deep troll (5)]
 53166 | Depths:2 | HP: 5/183 [deep troll (6)]
 53166 | Depths:2 | Splashed by a brown very ugly thing's acid

Vanquished Creatures
  A juggernaut (Depths:2)
  Nikola (Spider:2)
  Arachne (Spider:2)
  Jorgrun (Spider:3)
  Mlioglotl (Spider:3)
  A sphinx (Depths:2)
  Gastronok (D:10)
  Roxanne (D:15)
  2 shadow dragons (Depths:2)
  Aizul (Spider:2)
  A fire giant (Depths:2)
  5 ghost moths
  8 emperor scorpions
  3 orc warlords
  A spriggan defender (Depths:2)
  3 broodmothers
  A reaper (Depths:2)
  A stone giant (Depths:2)
  6 very ugly things
  Nessos (D:15)
  3 entropy weavers
  A minotaur (Gauntlet)
  4 spark wasps (Depths:1)
  3 ettins
  The ghost of Liull the Zephyrmancer, a journeyman OpAE of Gozag (D:14)
  Josephine (D:15)
  5 fire dragons
  8 boulder beetles
  A hydra (Lair:6)
  Fannar (Lair:2)
  2 rakshasas (Depths:1)
  A vault guard (D:14)
  Erolcha (D:10)
  2 ogre magi
  An ice dragon (Depths:2)
  2 spriggan air magi (Depths:2)
  3 centaur warriors
  A catoblepas (Lair:5)
  4 radroaches
  4 jorogumos
  3 two-headed ogres
  A death scarab (Spider:2)
  4 death yaks (Lair:5)
  4 deep troll shamans
  5 deep troll earth magi
  3 spriggan berserkers (Depths:2)
  3 tengu warriors
  A vampire mage (Depths:2)
  4 orc high priests
  A soul eater (Depths:2)
  A fire crab (Lair:5)
  4 pharaoh ants
  4 iron trolls
  3 sun moths
  A flayed ghost (Depths:2)
  10 orb spiders
  5 skeletal warriors
  12 deep trolls
  A spriggan simulacrum (Depths:1)
  A tengu zombie (Depths:1)
  A glowing orange brain (Depths:1)
  9 steelbarb worms
  An orb spider (shapeshifter) (Depths:2)
  6 wizards
  A necromancer (Depths:1)
  5 lindwurms (Lair:6)
  Pikel (D:3)
  8 orc knights
  37 ugly things
  2 manticores
  20 wolf spiders
  7 orc sorcerers
  5 moths of wrath
  A moth of wrath (shapeshifter) (Depths:2)
  An oklob plant (Gauntlet)
  5 cyclopes
  An iron dragon skeleton (Depths:1)
  9 elephants
  10 black mambas
  A rust devil (Depths:2)
  11 cane toads
  An orange demon (Depths:2)
  2 torpor snails
  3 molten gargoyles (Lair:6)
  A smoke demon (Depths:2)
  A gargoyle (D:12)
  2 ice statues (IceCv)
  A yaktaur (shapeshifter) (D:15)
  14 demonic crawlers
  11 komodo dragons
  Maggie (D:6)
  2 kobold demonologists (D:11)
  6 rime drakes
  A freezing wraith (D:14)
  7 polar bears
  A tengu conjurer (D:13)
  3 meliai (Spider:2)
  6 trolls
  A raiju (shapeshifter) (D:14)
  22 tarantellas
  3 hornets (Lair:5)
  6 slime creatures
  A spriggan zombie (Depths:1)
  4 blink frogs (Lair:4)
  27 culicivoras
  39 jumping spiders
  6 flying skulls (Gauntlet)
  12 spriggans (Lair:5)
  A centaur simulacrum (D:15)
  52 yaks
  4 wraiths (D:15)
  2 water elementals (Depths:1)
  Sigmund (D:4)
  20 humans (D:14)
  A shadow (D:10)
  7 basilisks
  6 wyverns
  A fire bat (D:8)
  3 steam dragons
  73 redbacks
  17 vampire mosquitoes
  4 wargs
  A redback simulacrum (D:15)
  4 hell hounds (Lair:6)
  A floating eye (shapeshifter) (D:15)
  8 acid dragons
  14 water moccasins
  7 black bears
  54 orc warriors
  2 sky beasts
  7 ice beasts
  10 ogres
  8 wolves
  19 centaurs
  A phantom (D:6)
  3 boggarts (Lair:5)
  A lemure (D:3)
  2 kobold brigands
  A gnoll sergeant (D:8)
  13 bullfrogs
  3 scorpions
  4 wights (D:6)
  A lindwurm simulacrum (IceCv)
  13 killer bees
  3 howler monkeys
  5 lava snakes (Lair:6)
  3 komodo dragon simulacra (IceCv)
  2 hounds
  15 orc priests
  5 jellies
  2 iguanas
  Ijyb (D:3)
  34 orc wizards
  4 hell rats (Lair:2)
  3 gnolls (D:8)
  11 acid dragon simulacra (IceCv)
  9 adders
  3 river rats
  5 shadow imps
  9 white imps
  2 ufetubi (D:7)
  6 steam dragon simulacra (IceCv)
  2 worms
  A dart slug (D:4)
  74 orcs
  6 endoplasms
  6 giant cockroaches
  6 goblins
  8 hobgoblins
  10 quokkas
  8 ball pythons
  A bat (D:1)
  4 frilled lizards
  19 kobolds
  16 rats
1139 creatures vanquished.

Vanquished Creatures (collateral kills)
  A catoblepas (Lair:5)
  A cane toad (Lair:5)
2 creatures vanquished.

Vanquished Creatures (others)
  A fire giant (Depths:2)
  An emperor scorpion (Spider:4)
  A green death (Gauntlet)
  2 wizards (Gauntlet)
  An orange demon (Gauntlet)
  An apocalypse crab (Gauntlet)
  A tengu conjurer (D:14)
  A redback (Spider:3)
  A bullfrog (D:9)
  An orc priest (Orc:1)
  A bush (Lair:6)
  4 demonic plants (Gauntlet)
  21 fungi
  23 plants
  2 withered plants (D:14)
62 creatures vanquished.

Grand Total: 1203 creatures vanquished

Table legend:
 A = Non-vault XP
 B = Vault XP
 C = Vault XP percentage of total XP
 D = Non-vault monster count
 E = Vault monster count
 F = Vault count percentage of total count
                 A         B        C        D         E       F
            +---------+---------+-------+---------+---------+-------
      Total |  235565 |  131978 |  35.9 |     751 |     414 |  35.5
            +---------+---------+-------+---------+---------+-------
        D:1 |      33 |       0 |   0.0 |      22 |       0 |   0.0
        D:2 |      64 |       0 |   0.0 |      16 |       0 |   0.0
        D:3 |     101 |     695 |  87.3 |      18 |      11 |  37.9
        D:4 |     305 |     214 |  41.2 |      18 |       1 |   5.3
        D:5 |     407 |      10 |   2.4 |       5 |       1 |  16.7
        D:6 |    1051 |     365 |  25.8 |      14 |       1 |   6.7
        D:7 |    2071 |       0 |   0.0 |      25 |       0 |   0.0
        D:8 |    1668 |    1423 |  46.0 |      24 |       7 |  22.6
        D:9 |    1753 |       0 |   0.0 |      14 |       0 |   0.0
       D:10 |    2078 |    2296 |  52.5 |      14 |       2 |  12.5
       D:11 |    8479 |    7700 |  47.6 |      25 |      34 |  57.6
       D:12 |    6724 |    1834 |  21.4 |      25 |       1 |   3.8
       D:13 |    8758 |    2168 |  19.8 |      21 |      15 |  41.7
       D:14 |   15815 |    7815 |  33.1 |      35 |      25 |  41.7
       D:15 |   12931 |    7873 |  37.8 |      22 |      13 |  37.1
     Lair:1 |    4182 |       0 |   0.0 |      20 |       0 |   0.0
     Lair:2 |    3239 |    2892 |  47.2 |      17 |      18 |  51.4
     Lair:3 |    4590 |       0 |   0.0 |      22 |       0 |   0.0
     Lair:4 |    3713 |    1163 |  23.9 |      10 |       7 |  41.2
     Lair:5 |   10629 |    4984 |  31.9 |      25 |      23 |  47.9
     Lair:6 |   12464 |    8625 |  40.9 |      29 |      27 |  48.2
   Spider:1 |   20652 |       0 |   0.0 |      59 |       0 |   0.0
   Spider:2 |   18428 |   15302 |  45.4 |      50 |      21 |  29.6
   Spider:3 |   29500 |    8306 |  22.0 |      70 |      12 |  14.6
   Spider:4 |   13791 |   12967 |  48.5 |      31 |      27 |  46.6
      Orc:1 |    3672 |    5548 |  60.2 |      34 |      30 |  46.9
      Orc:2 |    1307 |    8014 |  86.0 |      21 |      58 |  73.4
   Depths:1 |   26509 |       0 |   0.0 |      36 |       0 |   0.0
   Depths:2 |   19865 |   24166 |  54.9 |      26 |      24 |  48.0
      Sewer |       0 |      52 | 100.0 |       0 |       7 | 100.0
      IceCv |       0 |    3618 | 100.0 |       0 |      28 | 100.0
   Gauntlet |     786 |    3948 |  83.4 |       3 |      21 |  87.5
            +---------+---------+-------+---------+---------+-------

Illustrated notes

Table legend:
 A = Kills in this place as a percentage of kills in entire the game.
 B = Kills by you in this place as a percentage of kills by you in the entire game.
 C = Kills by friends in this place as a percentage of kills by friends in the entire game.
 D = Other kills in this place as a percentage of other kills in the entire game.
 E = Experience gained in this place as a percentage of experience gained in the entire game.
 F = Experience gained in this place divided by the number of levels of this place that you have seen.
                   A       B       C       D       E      F
               +-------+-------+-------+-------+-------+----------------------
         Total | 100.0 | 100.0 | 100.0 | 100.0 | 100.0 | 11137.7
       Dungeon |  35.1 |  34.9 |   0.0 |  48.0 |  25.7 | 6308.7
          Lair |  17.0 |  16.8 | 100.0 |  20.0 |  15.4 | 9413.5
   Spider Nest |  23.2 |  23.5 |   0.0 |  12.0 |  32.4 | 29736.5
  Orcish Mines |  12.3 |  12.6 |   0.0 |   0.0 |   5.0 | 9270.5
        Depths |   7.4 |   7.5 |   0.0 |   4.0 |  19.2 | 35270.0
         Sewer |   0.6 |   0.5 |   0.0 |   4.0 |   0.0 |  52.0
      Ice Cave |   2.4 |   2.4 |   0.0 |   4.0 |   1.0 | 3618.0
      Gauntlet |   2.1 |   1.9 |   0.0 |   8.0 |   1.3 | 4734.0
               +-------+-------+-------+-------+-------+----------------------

Table legend: (Time is in decaauts)
 A = Elapsed time spent in this place.
 B = Non-inter-level travel time spent in this place.
 C = Inter-level travel time spent in this place.
 D = Time resting spent in this place.
 E = Time spent auto-exploring this place.
 F = Levels seen in this place.
 G = Mean time per level.
                   A        B        C        D        E       F      G
               +--------+--------+--------+--------+--------+-----+--------+
         Total |  53275 |  51374 |   1901 |  13802 |  28352 |  33 | 1614.4 |
       Dungeon |  24541 |  23413 |   1128 |   4540 |  15201 |  15 | 1636.1 |
          Lair |   9276 |   8814 |    462 |   1436 |   5679 |   6 | 1546.0 |
   Spider Nest |   9448 |   9275 |    173 |   3562 |   4177 |   4 | 2362.0 |
  Orcish Mines |   2582 |   2458 |    124 |    632 |   1164 |   2 | 1291.0 |
        Depths |   4366 |   4355 |     11 |   2303 |   1381 |   2 | 2183.0 |
         Abyss |      7 |      7 |      0 |      0 |      0 |   1 |    7.0 |
         Sewer |    322 |    322 |      0 |      0 |    267 |   1 |  322.0 |
      Ice Cave |   1553 |   1553 |      0 |   1148 |     89 |   1 | 1553.0 |
      Gauntlet |   1177 |   1177 |      0 |    180 |    393 |   1 | 1177.0 |
               +--------+--------+--------+--------+--------+-----+--------+

Top non-repeatable levels by time:
Spider:3: 4172 daAuts
    D:11: 3433 daAuts
Spider:2: 2521 daAuts
    D:12: 2477 daAuts
Depths:2: 2382 daAuts
  Lair:6: 2200 daAuts
    D:13: 2006 daAuts
Depths:1: 1984 daAuts
  Lair:4: 1960 daAuts
    D:10: 1854 daAuts
  Lair:5: 1793 daAuts
     D:3: 1792 daAuts
     D:6: 1785 daAuts
     D:7: 1701 daAuts
    D:15: 1629 daAuts
